 Dungeon Crawl Stone Soup version 0.21-a0-450-gd87a9b2 (webtiles) character file.

198 slep the Slasher (level 5, 0/42 HPs)
             Began as a Demonspawn Monk on Nov 19, 2017.
             Slain by a hobgoblin
             ... wielding a cursed -1 club
              (5 damage)
             ... on level 3 of the Dungeon.
             The game lasted 00:05:25 (1229 turns).

slep the Slasher (Demonspawn Monk)                  Turns: 1229, Time: 00:05:25

Health: 0/42       AC:  8    Str: 11    XL:     5   Next: 47%
Magic:  14/14      EV: 10    Int: 11    God:
Gold:   66         SH:  0    Dex: 17    Spells: 4/4 levels left

rFire    . . .     SeeInvis .   a - +0 falchion
rCold    . . .     Gourm    .   (no shield)
rNeg     . . .     Faith    .   d - +0 scale mail
rPois    .         Spirit   .   (helmet restricted)
rElec    .         Reflect  .   (no cloak)
rCorr    .         Harm     .   (no gloves)
MR       .....                  (no boots)
Stlth    +.........             (no amulet)
HPRegen  0.14/turn              h - ring of magical power
MPRegen  0.14/turn              (no ring)

@: no status effects
A: horns 2, icy blue scales 1, spiny 1
a: no special abilities


You were on level 3 of the Dungeon.
You were not hungry.

You visited 1 branch of the dungeon, and saw 3 of its levels.

You collected 66 gold pieces.

Inventory:

Hand Weapons
 a - a +0 falchion (weapon)
Armour
 b - a +0 robe
 d - a +0 scale mail (worn)
 g - a +0 helmet
Jewellery
 h - a ring of magical power (left hand)
Scrolls
 e - a scroll of recharging {unknown}
 f - a scroll of fear {unknown}
 i - a scroll of teleportation {unknown}
Comestibles
 c - 3 bread rations


   Skills:
 + Level 3.8 Fighting
 + Level 4.4 Long Blades
 + Level 1.6 Armour
 + Level 3.2 Dodging
 + Level 1.8 Stealth


You had 4 spell levels left.
You didn't know any spells.

Dungeon Overview and Level Annotations

Branches:
Dungeon (3/15)

Altars:
Nemelex Xobeh


Innate Abilities, Weirdness & Mutations

You have a pair of horns on your head.
You are partially covered in icy blue scales. (AC +2)
You are partially covered in sharp spines.


Message History

You hit the centaur. Your headbutt misses the centaur.
The centaur is severely wounded.
The centaur is struck by your spines. The centaur barely misses you.
The centaur hits you.
You barely miss the centaur.
The centaur is almost dead.
The centaur hits you.
* * * LOW HITPOINT WARNING * * *
You hit the centaur but do no damage.
The centaur is almost dead.
The centaur hits you.
* * * LOW HITPOINT WARNING * * *
The centaur barely misses you.
You hit the centaur.
You kill the centaur!
You have reached level 5!
Your demonic ancestry asserts itself...
Icy blue scales grow over part of your body.
You closely miss the hobgoblin. The hobgoblin hits you with a club.
You die...

.. ..## ##.#.
#... #..#
#..##.#.#
###(......#
#.gK.......
#@#####.... #.#
#.... #.# #.. #
#.# #.#
#.#####.#
#.......###
####......#
#.####.#
...####.#####.#


You could see a hobgoblin and a kobold.

Vanquished Creatures
  A centaur (D:3)
  The ghost of jlumianski the Magician, a weakling TrWz (D:3)
  2 adders (D:2)
  3 worms (D:2)
  2 dart slugs (D:2)
  3 ball pythons (D:2)
  4 bats
  3 giant cockroaches
  5 goblins
  7 hobgoblins
  2 jackals (D:2)
  6 frilled lizards
  7 kobolds
  3 rats (D:1)
49 creatures vanquished.

Notes
Turn   | Place    | Note
-------+----------+-------------------------------------------
     0 | D:1      | slep the Demonspawn Monk began the quest for the Orb.
     0 | D:1      | Reached XP level 1. HP: 18/18 MP: 1/1
    95 | D:1      | Gained mutation: You have a pair of small horns on your head. [demonic ancestry]
    95 | D:1      | Reached XP level 2. HP: 22/24 MP: 2/2
   129 | D:1      | Reached skill level 3 in Long Blades
   533 | D:2      | Gained mutation: You are partially covered in sharp spines. [demonic ancestry]
   533 | D:2      | Reached XP level 3. HP: 26/29 MP: 3/3
   723 | D:2      | Found a sparkling altar of Nemelex Xobeh.
   808 | D:2      | Gained mutation: You have a pair of horns on your head. [demonic ancestry]
   808 | D:2      | Reached XP level 4. HP: 14/36 MP: 4/4
   862 | D:2      | Found a faded altar of an unknown god.
  1128 | D:3      | Noticed jlumianski's ghost (weakling TrWz)
  1142 | D:3      | Killed jlumianski's ghost
  1142 | D:3      | Reached skill level 4 in Long Blades
  1142 | D:3      | Reached skill level 1 in Armour
  1211 | D:3      | Noticed a centaur
  1228 | D:3      | Killed a centaur
  1228 | D:3      | Gained mutation: You are partially covered in icy blue scales. (AC +2) [demonic ancestry]
  1228 | D:3      | Reached XP level 5. HP: 4/42 MP: 5/5
  1229 | D:3      | Slain by a hobgoblin

Vault maps used:
D:1:      dpeg_arrival_tiny_a
D:2:      lemuel_crystal_altar, chequers_ecumenical_altar_twisty
D:3:      first_bread

Skill      XL: |  1  2  3  4 |
---------------+-------------+-----
Long Blades    | 3 4 |  4.4
Dodging        | 3 |  3.2
Armour         | 1 |  1.6
Fighting       | |  3.8
Stealth        | |  1.8

Action                   |  1- 3 |  4- 6 || total
-------------------------+-------+-------++-------
Melee: Falchion          |   112 |    29 ||   141
       Headbutt          |    17 |     9 ||    26
  Use: Potion            |       |     1 ||     1
  Eat: Chunk             |       |     1 ||     1
Armor: Scale mail        |    40 |    10 ||    50
Dodge: Dodged            |    66 |    16 ||    82
       Rpst.: Falchion   |    22 |     4 ||    26

Table legend:
 A = Spawn XP
 B = Non-spawn XP
 C = Spawn XP percentage of total XP
 D = Spawn monster count
 E = Non-spawn monster count
 F = Spawn count percentage of total count
 G = Total turns spent on level
                    A         B        C        D         E        F      G
               +---------+---------+-------+---------+---------+-------+---------
         Total |       0 |     284 |   0.0 |       0 |      49 |   0.0 |  1229
               +---------+---------+-------+---------+---------+-------+---------
           D:1 |       0 |      36 |   0.0 |       0 |      22 |   0.0 |   388
           D:2 |       0 |      73 |   0.0 |       0 |      23 |   0.0 |   743
           D:3 |       0 |     175 |   0.0 |       0 |       4 |   0.0 |    98
               +---------+---------+-------+---------+---------+-------+---------
